AoeStats
← HR nomadplayer

Lombardia

507385717Analyzed
4v4 RM · 13d ago on Sep 18, 2026· 89m 46s· 8 players
Game mode
Random Map
Map size
Large (8 player)
Population
200
Speed
Normal
Resources
Standard
Victory
Conquest
Starting age
Dark Age
Ending age
Imperial Age
RankedLock teamsTeams togetherTeam positionsShared explorationLock speedFull tech treeHidden civsTurbo modeCheats
Victory
Defeat
🇨🇱 Shu · Chile
2004
+4
🇨🇱 Britons · Chile
1820
+9
🇨🇱 Poles · Chile
1749
+12
🇨🇱 Turks · Chile
1495
+21
🇲🇽 Magyars · Mexico
1795
-18
🇲🇽 Saracens · Mexico
1712
-13
🇹🇷 Romans · Türkiye
1574
-8
🇲🇽 Aztecs · Mexico
1546
-7
VX | BooM!
10:16 Feudal Age
14:07 Castle Age
12:12 Double-Bit Axe
13:14 Horse Collar
14:06 Loom
27:20 Wheelbarrow
28:41 Hand Cart
29:18 Stone Mining
33:48 Imperial Age
31:38 Scale Barding Armor
31:39 Heavy Plow
32:19 Gold Mining
33:16 Chain Barding Armor
33:47 Gold Shaft Mining
33:41 Husbandry
34:25 Bloodlines
35:34 Plate Barding Armor
35:11 Forging
34:35 Elite Mameluke
39:09 Iron Casting
38:48 Caravan
39:27 Counterweights
47:47 Blast Furnace
54:14 Conscription
56:21 Hoardings
73:31 Chemistry
80:29 Onager
84:42 Bow Saw
|Thepejezombie
6:05 Loom
8:49 Feudal Age
10:00 Double-Bit Axe
12:23 Horse Collar
15:41 Wheelbarrow
20:28 Castle Age
19:10 Bloodlines
21:28 Bow Saw
24:35 Town Watch
31:26 Imperial Age
29:11 Husbandry
29:29 Heavy Plow
29:23 Gold Mining
30:56 Hand Cart
31:02 Scale Barding Armor
31:35 Cavalier
33:02 Chain Barding Armor
36:16 Plate Barding Armor
37:21 Paladin
40:17 Conscription
42:43 Light Cavalry
43:23 Hussar
45:54 Corvinian Army
46:17 Caravan
54:24 Elite Magyar Huszar
56:22 Fletching
58:08 Bodkin Arrow
61:07 Capped Ram
87:23 Scale Mail Armor
[KOF] santander
7:31 Loom
10:05 Feudal Age
12:44 Forging
13:34 Wheelbarrow
16:14 Scale Mail Armor
20:13 Castle Age
18:15 Horse Collar
18:53 Double-Bit Axe
21:11 Bow Saw
20:31 Eagle Warrior
21:49 Squires
23:56 Chain Mail Armor
27:29 Hand Cart
28:01 Gold Mining
30:00 Iron Casting
33:14 Gold Shaft Mining
38:13 Imperial Age
39:20 Garland Wars
39:21 Conscription
39:23 Elite Eagle Warrior
40:40 Plate Mail Armor
42:47 Blast Furnace
41:56 Pikeman
43:23 Town Watch
44:59 Arson
47:10 Caravan
58:46 Siege Engineers
59:42 Chemistry
59:08 Onager
61:20 Siege Onager
73:47 Capped Ram
75:32 Ballistics
75:36 Atlatl
75:35 Fletching
75:46 Padded Archer Armor
82:18 Bodkin Arrow
82:38 Leather Archer Armor
85:45 Siege Ram
imenek
6:43 Loom
8:55 Feudal Age
9:34 Double-Bit Axe
12:48 Fletching
16:53 Horse Collar
22:29 Castle Age
21:28 Stone Mining
21:30 Gold Mining
24:27 Wheelbarrow
23:57 Town Watch
25:42 Hand Cart
26:39 Bow Saw
28:35 Gold Shaft Mining
34:03 Imperial Age
33:42 Ballistas
34:16 Ballistics
34:38 Heavy Scorpion
35:42 Bodkin Arrow
35:47 Padded Archer Armor
40:29 Leather Archer Armor
40:19 Scale Barding Armor
40:25 Forging
40:28 Heavy Plow
40:17 Onager
43:34 Siege Engineers
44:30 Chemistry
44:58 Hand Cart
50:01 Chain Barding Armor
50:17 Iron Casting
49:44 Caravan
50:14 Coinage
51:18 Crop Rotation
51:35 Masonry
51:36 Fortified Wall
52:47 Conscription
56:42 Banking
56:53 Ring Archer Armor
57:23 Blast Furnace
56:59 Plate Barding Armor
56:57 Architecture
58:53 Guard Tower
58:58 Murder Holes
59:55 Capped Ram
61:15 Siege Ram
62:56 Scale Mail Armor
63:11 Pikeman
63:51 Squires
64:07 Chain Mail Armor
64:12 Halberdier
71:57 Comitatenses
71:09 Sappers
78:16 Keep
78:37 Town Patrol
86:05 Elite Centurion
[CL] castiii
5:51 Loom
9:04 Feudal Age
9:38 Double-Bit Axe
9:35 Horse Collar
14:53 Forging
15:40 Scale Barding Armor
19:09 Wheelbarrow
21:31 Castle Age
20:29 Stone Mining
20:30 Gold Mining
22:48 Bloodlines
23:04 Bow Saw
22:54 Heavy Plow
23:18 Chain Barding Armor
22:53 Town Watch
23:40 Hand Cart
23:48 Husbandry
23:13 Light Cavalry
26:23 Iron Casting
26:47 Szlachta Privileges
38:54 Imperial Age
39:04 Cavalier
40:46 Blast Furnace
40:07 Conscription
41:14 Winged Hussar
42:47 Lechitic Legacy
43:37 Caravan
44:13 Coinage
53:15 Crop Rotation
70:52 Fletching
HR nomadplayer
10:47 Feudal Age
14:27 Castle Age
12:51 Double-Bit Axe
13:30 Fletching
14:56 Crossbowman
17:18 Horse Collar
17:51 Bow Saw
17:28 Loom
24:14 Heavy Plow
26:08 Wheelbarrow
30:11 Imperial Age
30:47 Ballistics
30:48 Padded Archer Armor
30:47 Bodkin Arrow
30:53 Padded Archer Armor
31:59 Chemistry
31:34 Bracer
31:21 Arbalester
33:17 Leather Archer Armor
39:23 Caravan
40:16 Hand Cart
40:57 Stone Mining
40:57 Gold Mining
43:21 Town Watch
44:10 Masonry
44:05 Siege Engineers
44:39 Conscription
45:00 Yeomen
47:04 Elite Longbowman
52:03 Hoardings
51:12 Treadmill Crane
52:02 Architecture
53:18 Coinage
54:21 Warwolf
54:54 Ring Archer Armor
55:32 Banking
55:17 Guard Tower
56:55 Keep
56:06 Arrowslits
59:59 Murder Holes
75:47 Fortified Wall
86:28 Herbal Medicine
[CL] FelipeBesitosRicos
8:03 Loom
11:29 Feudal Age
15:52 Double-Bit Axe
16:42 Fletching
17:35 Double-Bit Axe
20:51 Gold Mining
22:33 Horse Collar
26:25 Castle Age
24:41 Stone Mining
27:27 Wheelbarrow
26:27 Crossbowman
27:05 Bodkin Arrow
27:27 Bow Saw
29:49 Ballistics
31:35 Hand Cart
32:44 Gold Shaft Mining
33:17 Town Watch
38:32 Imperial Age
36:23 Heavy Plow
37:40 Thumb Ring
38:14 Padded Archer Armor
39:43 Bracer
39:04 Arbalester
40:46 Chemistry
41:51 Bolt Magazine
42:53 Caravan
46:12 Conscription
46:59 Leather Archer Armor
50:10 Scale Mail Armor
50:20 Forging
53:23 Squires
53:08 Arson
53:08 Gambesons
55:43 Chain Mail Armor
57:04 Coinage
56:44 Guilds
59:05 Hoardings
59:42 Capped Ram
62:20 Siege Ram
64:28 Plate Mail Armor
64:29 Ring Archer Armor
64:26 Coiled Serpent Array
69:15 Fortified Wall
69:10 Siege Engineers
69:00 Murder Holes
72:39 Elite White Feather Guard
77:58 Banking
89:08 Town Patrol
[CL] ßitokø × 1876
7:14 Loom
9:56 Feudal Age
10:26 Double-Bit Axe
13:44 Horse Collar
20:05 Castle Age
21:23 Bow Saw
21:15 Heavy Plow
23:30 Wheelbarrow
31:29 Hand Cart
34:00 Imperial Age
34:48 Scale Mail Armor
34:59 Forging
34:49 Padded Archer Armor
35:54 Two-Man Saw
34:46 Gold Mining
34:46 Stone Mining
35:01 Elite Janissary
36:04 Ballistics
39:15 Caravan
39:53 Scale Barding Armor
40:24 Iron Casting
41:50 Squires
41:36 Arson
41:13 Heavy Camel Rider
42:04 Bloodlines
41:55 Husbandry
42:30 Fortified Wall
44:06 Chain Barding Armor
47:30 Plate Barding Armor
53:05 Blast Furnace
52:41 Thumb Ring
53:34 Bombard Tower
54:04 Conscription
53:49 Artillery
64:19 Fletching
64:45 Leather Archer Armor
64:30 Scale Mail Armor
66:56 Bodkin Arrow
67:17 Chain Mail Armor
70:06 Bracer
70:37 Plate Mail Armor
70:37 Ring Archer Armor
Connection lost

Rejoining the realm…

Still unreachable

The connection could not be restored.

Session expired

The server has moved on; the page needs a fresh start.